 Dungeon Crawl Stone Soup version 0.22-a0-596-gfbd32a6 (webtiles) character file.

379802 DrakeDragon the Slayer (level 22, -36/200 HPs)
             Began as a Merfolk Transmuter on July 1, 2018.
             Was the Champion of Qazlal.
             Killed from afar by a deep elf annihilator (90 damage)
             ... with a crystal spear
             ... on level 3 of the Elven Halls on July 5, 2018.
             The game lasted 08:55:39 (58724 turns).

DrakeDragon the Slayer (Merfolk Transmuter)        Turns: 58724, Time: 08:55:40

Health: -36/200    AC: 22    Str: 14    XL:     22   Next: 86%
Magic:  0/53       EV: 28    Int: 21    God:    Qazlal [******]
Gold:   4947       SH: 26    Dex: 18    Spells: 25/28 levels left

rFire    . . .     SeeInvis .   y - +3 demon trident "Xiett" {venom, rPois Stlth+}
rCold    + . .     Gourm    .   X - +5 shield
rNeg     + . .     Faith    .   M - +3 leather armour "Janex" {rElec rPois Regen+ MP+9}
rPois    +         Spirit   +   O - +3 hat of Pondering {ponderous, MR+ MP+10 Int+5}
rElec    +         Reflect  .   H - +2 cloak
rCorr    .         Harm     .   B - +2 pair of gloves
MR       +++..                  Q - +0 pair of boots of Moujuy {rN+}
Stlth    +.........             k - amulet of guardian spirit
HPRegen  0.83/turn              l - +3 ring of protection
MPRegen  0.33/turn              C - ring "Bojutice" {rC+ MR+ Int+3 Dex-2 Slay+5}

@: lethally poisoned (-36 -> -36), protected from physical damage, repel
missiles, slow
A: change form in water, swift swim, stealthy swim, screaming 2
}: 2/15 runes: barnacled, gossamer
a: Upheaval, Elemental Force, Disaster Area, Renounce Religion


You were on level 3 of the Elven Halls.
You worshipped Qazlal.
Qazlal was exalted by your worship.
You were not hungry.

You visited 8 branches of the dungeon, and saw 39 of its levels.
You also visited: Bailey and Ice Cave.

You collected 5177 gold pieces.
You spent 230 gold pieces at shops.

Inventory:

Hand Weapons
 y - the +3 demon trident "Xiett" (weapon) {venom, rPois Stlth+}
   (You acquired it on level 15 of the Dungeon)

   It poisons the flesh of those it strikes.
   It protects you from poison.
   It makes you more stealthy.
Missiles
 T - 13 throwing nets (quivered) {!f}
Armour
 B - a +2 pair of gloves (worn)
   (You found it on level 3 of the Dungeon)
 H - a +2 cloak (worn)
   (You found it on level 5 of the Lair of Beasts)
 M - the +3 leather armour "Janex" (worn) {rElec rPois Regen+ MP+9}
   (You took it off an orc on level 7 of the Dungeon)

   It insulates you from electricity.
   It protects you from poison.
   It affects your magic capacity (+9).
   It increases your rate of regeneration.
 O - the +3 hat of Pondering (worn) {ponderous, MR+ MP+10 Int+5}
   (You took it off Gastronok on level 10 of the Dungeon)

   It affects your intelligence (+5).
   It affects your resistance to hostile enchantments.
   It affects your magic capacity (+10).
 Q - the +0 pair of boots of Moujuy (worn) {rN+}
   (You acquired it on level 6 of the Lair of Beasts)

   It protects you from negative energy.
 X - a +5 shield (worn)
   (You took it off Donald on level 2 of the Shoals)
Jewellery
 i - an uncursed ring of protection from fire
   (You found it on level 11 of the Dungeon)
 k - an amulet of guardian spirit (around neck)
   (You found it on level 3 of the Dungeon)
 l - a +3 ring of protection (left hand)
   (You found it on level 9 of the Dungeon)
 o - an uncursed ring of protection from cold
   (You found it on level 5 of the Dungeon)
 z - an uncursed ring of see invisible
   (You found it on level 2 of the Shoals)
 C - the ring "Bojutice" (right hand) {rC+ MR+ Int+3 Dex-2 Slay+5}
   (You found it on level 4 of the Shoals)

   [ring of protection from magic]

   It affects your intelligence (+3).
   It affects your dexterity (-2).
   It affects your accuracy and damage with ranged weapons and melee attacks
   (+5).
   It protects you from cold.
   It affects your resistance to hostile enchantments.
 J - the ring "Ymnefisi" {rCorr Str+4}
   (You took it off an orc priest on level 4 of the Dungeon)

   [ring of resist corrosion]

   It affects your strength (+4).
Wands
 b - a wand of clouds (11)
   (You found it in an ice cave)
 c - a wand of disintegration (40)
   (You found it on level 11 of the Dungeon)
 d - a wand of iceblast (12)
   (You found it on level 10 of the Dungeon)
 j - a wand of enslavement (28)
   (You took it off an orc on level 4 of the Dungeon)
 t - a wand of flame (138)
   (You took it off an orc wizard on level 6 of the Dungeon)
 u - a wand of paralysis (28)
   (You found it on level 2 of the Dungeon)
 v - a wand of digging (42)
   (You found it on level 2 of the Elven Halls)
 x - a wand of acid (10)
   (You found it on level 4 of the Lair of Beasts)
Scrolls
 f - 13 scrolls of remove curse {@r2}
 n - 2 scrolls of summoning
 s - 5 scrolls of fear
 F - a scroll of immolation {!r}
 G - 7 scrolls of blinking
 K - 4 scrolls of magic mapping
 N - a scroll of holy word
 V - a scroll of silence
 W - 9 scrolls of teleportation {@r4}
 Z - 2 scrolls of enchant armour
Potions
 a - 6 potions of mutation {!q}
 g - 9 potions of lignification {!q}
 h - 2 potions of invisibility
 m - 5 potions of heal wounds {@q2}
 p - 7 potions of curing {@q1}
 A - 8 potions of flight
 D - 3 potions of might
 E - 5 potions of cancellation
 L - 7 potions of haste {@q3}
 P - 7 potions of agility
 U - a potion of berserk rage
 Y - 2 potions of resistance
Miscellaneous
 R - a phantom mirror
 S - 2 boxes of beasts
Comestibles
 e - 54 rations {!d}
 I - 15 chunks of flesh


   Skills:
 * Level 23.2 Fighting
 - Level 14.0 Polearms
 + Level 21.0 Dodging
 + Level 13.3 Shields
 - Level 3.2 Unarmed Combat
 - Level 3.5 Spellcasting
 - Level 5.0 Transmutations
 + Level 17.7 Invocations
 + Level 15.3 Evocations


You had 25 spell levels left.
You knew the following spells:

 Your Spells              Type           Power        Failure   Level  Hunger
a - Beastly Appendage     Tmut           ###...       2%          1    None
s - Sticks to Snakes      Tmut           ###.....     3%          2    ##.....

Your spell library contained the following spells:

 Spells                   Type           Power        Failure   Level  Hunger
 Cause Fear               Hex            #.........   89%         4    ####...
 Magic Dart               Conj           #...         21%         1    None
 Fireball                 Conj/Fire      #.........   99%         5    ######.
 Apportation              Tloc           #.....       21%         1    None
 Conjure Flame            Conj/Fire      #.......     52%         3    ###....
 Bolt of Fire             Conj/Fire      #.........   100%        6    #######
 Bolt of Cold             Conj/Ice       #.........   100%        6    #######
 Bolt of Magma            Conj/Fire/Erth #.........   99%         5    ######.
 Slow                     Hex            #.......     30%         2    ##.....
 Confuse                  Hex            #.......     52%         3    ###....
 Invisibility             Hex            #.......     100%        6    #######
 Throw Flame              Conj/Fire      #.....       30%         2    ##.....
 Freezing Cloud           Conj/Ice/Air   #.........   100%        6    #######
 Mephitic Cloud           Conj/Pois/Air  #.......     52%         3    ###....
 Blink                    Tloc           N/A          30%         2    ##.....
 Ozocubu's Refrigeration  Ice            #.........   100%        6    #######
 Sticky Flame             Conj/Fire      #.......     89%         4    ####...
 Call Imp                 Summ           #.......     30%         2    ##.....
 Tukima's Dance           Hex            #.......     52%         3    ###....
 Iron Shot                Conj/Erth      #.........   100%        6    #######
 Spider Form              Tmut/Pois      ##........   22%         3    ###....
 Blade Hands              Tmut           ###.......   56%         5    ######.
 Statue Form              Tmut/Erth      ##.......    100%        6    #######
 Ice Form                 Ice/Tmut       ##......     56%         4    ####...
 Dragon Form              Tmut           ###.......   100%        7    #######
 Deflect Missiles         Chrm/Air       #.........   100%        6    #######
 Confusing Touch          Hex            #.....       21%         1    None
 Flame Tongue             Conj/Fire      #....        21%         1    None
 Metabolic Englaciation   Hex/Ice        #.........   99%         5    ######.
 Summon Butterflies       Summ           #.......     21%         1    None
 Silence                  Hex/Air        #.........   99%         5    ######.
 Shatter                  Erth           #.........   100%        9    #######
 Corona                   Hex            #......      21%         1    None
 Alistair's Intoxication  Tmut/Pois      ##......     89%         5    ######.
 Simulacrum               Ice/Necr       #.........   100%        6    #######
 Conjure Ball Lightning   Conj/Air       #.........   100%        6    #######
 Portal Projectile        Hex/Tloc       #.....       52%         3    ###....
 Petrify                  Tmut/Erth      ##......     56%         4    ####...
 Tornado                  Air            #.........   100%        9    #######
 Leda's Liquefaction      Hex/Erth       #.........   89%         4    ####...
 Inner Flame              Hex/Fire       #.......     52%         3    ###....
 Summon Lightning Spire   Summ/Air       #.......     89%         4    ####...
 Dragon's Call            Summ           #.........   100%        9    #######
 Hydra Form               Tmut           ###.......   98%         6    #######
 Irradiate                Conj/Tmut      ##........   89%         5    ######.
 Gell's Gravitas          Tloc           #.........   52%         3    ###....
 Yara's Violent Unravell  Hex/Tmut       ##........   89%         5    ######.
 Lesser Beckoning         Tloc           #.........   52%         3    ###....


Dungeon Overview and Level Annotations

Branches:
Dungeon (15/15)            Temple (1/1) D:7            Lair (6/6) D:10
 Shoals (4/4) Lair:2       Spider (4/4) Lair:4          Orc (2/2) D:9
    Elf (3/3) Orc:2        Vaults (4/5) D:13          Crypt (0/3) Vaults:2
 Depths (0/5) D:15
  Slime: Lair:5-6

Altars:
Ashenzari
Cheibriados
Dithmenos
Elyvilon
Fedhas
Gozag
Hepliaklqana
Kikubaaqudgha
Makhleb
Nemelex Xobeh
Okawaru
Qazlal
Ru
Sif Muna
Trog
Uskayaw
Vehumet
Wu Jian
Xom
Yredelemnul
Zin
The Shining One
Beogh

Shops:
D:6 ?   D:9 :   D:12 :   Orc:2 :*(%   Vaults:1 }

Portals:
Pandemonium: Orc:2
Trove: D:11 (give 5 potions of resistance)

Annotations:
Lair:4 exclusion: downstairs
Lair:6 exclusion: oklob plant
Elf:1 3 runed doors, Zithelix's ghost, adept GnIE
Elf:2 6 runed doors, Beisefig's ghost, journeyman MiBe
Vaults:1 1 runed door, Qagip's ghost, veteran GrEE


Innate Abilities, Weirdness & Mutations

You revert to your normal form in water.
You are very nimble and swift while swimming.
You are very stealthy in the water. (Stealth+)
You sometimes yell uncontrollably at your foes.


Message History

You destroy the small abomination!
Qazlal accepts your kill.
Attack whom?
Aim: a deep elf death mage, wielding a rapier and wearing a ring of intelligence (spells empowered)
You reach to attack!
You puncture the deep elf death mage!
Attack whom?
Aim: a deep elf death mage, wielding a rapier and wearing a ring of intelligence (lightly wounded, spells empowered)
You reach to attack!
You impale the deep elf death mage!!
The deep elf death mage looks as sick as possible!
You feel sick.
The deep elf annihilator mumbles some strange words.
The deep elf annihilator blinks!
Attack whom?
Aim: a deep elf death mage, wielding a rapier and wearing a ring of intelligence (heavily wounded, poisoned, spells empowered)
You reach to attack!
You impale the deep elf death mage!!
The deep elf death mage looks as sick as possible!
You hear a shout!
The deep elf annihilator seems less brilliant.
The deep elf death mage seems less brilliant.
The deep elf annihilator is empowered by the deep elf high priest's aura!
The deep elf death mage is empowered by the deep elf high priest's aura!
You block the deep elf high priest's attack.
Attack whom?
Aim: a deep elf death mage, wielding a rapier and wearing a ring of intelligence (severely wounded, poisoned, spells empowered)
You reach to attack!
You puncture the deep elf death mage!
A deep elf annihilator comes into view. It is wielding a rapier.
A deep elf master archer comes into view.
Attack whom?
Aim: a deep elf death mage, wielding a rapier and wearing a ring of intelligence (almost dead, poisoned, spells empowered)
You puncture the deep elf death mage!
You kill the deep elf death mage!
Qazlal accepts your kill.
Attack whom?
Aim: a deep elf annihilator, wielding a rapier (sparse dust, spells empowered)
You reach to attack!
You puncture the deep elf annihilator!
You hear a shout!
The deep elf annihilator seems less brilliant. x2
The deep elf annihilator casts a spell at you.
The crystal spear hits you!
* * * LOW HITPOINT WARNING * * *
The deep elf annihilator gestures wildly while chanting.
The deep elf annihilator blinks!
The deep elf annihilator is empowered by the deep elf high priest's aura! x2
Attack whom?
Aim: a deep elf annihilator, wielding a rapier (sparse dust, moderately wounded, spells empowered)
The deep elf high priest is in the way.
You hit the deep elf high priest.
The deep elf high priest is poisoned.
The deep elf annihilator casts a spell at you.
The crystal spear hits you!
You die...

### ..# #.# #.# #.#
##### @ ###.####..... ..
#...e@.e.# ...
###e###### ....
#ee###.##
..§§.###e(.#.#.##
...Ee§§§E)).###.######.#
.####.)..## ##.(......
#.)...###.########
#.#.##.#.## #.#####)##


You could see 2 deep elf annihilators, a deep elf high priest and a deep elf
mage.

Vanquished Creatures
  Mennas (Vaults:2)
  Saint Roka (Elf:3)
  Nikola (Elf:3)
  Arachne (Spider:3)
  A deep elf blademaster (Elf:3)
  Asterion (Elf:1)
  A kraken (Shoals:3)
  A deep elf master archer (Elf:3)
  A sphinx (Vaults:2)
  Gastronok (D:10)
  Kirke (Lair:2)
  Ilsuiw (Shoals:4)
  2 fire giants
  Donald (Shoals:2)
  A frost giant (Vaults:4)
  10 vault wardens
  9 deep elf sorcerers
  4 emperor scorpions
  Aizul (Vaults:3)
  An orc warlord (D:9)
  Louise (Elf:3)
  3 ghost moths (Spider:4)
  11 ironheart preservers
  3 very ugly things (Vaults:4)
  6 stone giants
  3 deep elf elementalists (Elf:3)
  7 entropy weavers
  2 deep elf demonologists (Elf:3)
  Azrael (D:12)
  6 small abominations
  A dire elephant (Lair:4)
  7 deep elf annihilators
  4 spark wasps
  The ghost of Reyrhar the Grappler, a journeyman TrMo of Wu Jian (Lair:1)
  A crystal guardian (Vaults:3)
  11 merfolk impalers
  3 fire dragons
  An ettin (Vaults:4)
  4 deep elf death magi
  2 blizzard demons (IceCv)
  Josephine (D:10)
  6 merfolk javelineers
  8 ogre magi
  5 deep elf high priests (Elf:3)
  4 great orbs of eyes
  15 vault guards
  8 yaktaur captains
  3 ice dragons (Vaults:2)
  13 centaur warriors
  5 hydras
  5 merfolk avatars
  A catoblepas (D:13)
  An alligator snapping turtle (Shoals:1)
  5 merfolk aquamancers
  15 dancing weapons
  4 satyrs
  A death knight (Vaults:2)
  19 two-headed ogres
  5 deep troll shamans
  3 deep troll earth magi
  Urug (Lair:4)
  2 orc high priests (Orc:2)
  19 deep elf knights
  A soul eater (Orc:2)
  A shadow wraith (Vaults:2)
  A hell knight (Vaults:3)
  5 skeletal warriors
  7 deep trolls
  2 gelid demonspawn (Orc:2)
  A glowing orange brain (shapeshifter) (Vaults:4)
  2 infernal demonspawn (Orc:2)
  13 sea snakes
  3 unseen horrors
  21 deep elf archers
  2 tengu zombies
  A phantasmal warrior (Vaults:2)
  5 wizards
  11 ironbrand convokers
  2 necromancers
  16 orc knights
  An orb spider (shapeshifter) (Vaults:2)
  14 orb spiders
  A fire giant zombie (Vaults:2)
  46 deep elf magi
  A large abomination (Elf:3)
  35 ugly things
  A cyclops (shapeshifter) (Vaults:2)
  8 cyclopes
  13 orc sorcerers
  15 harpies
  A faun (shapeshifter) (Vaults:1)
  12 fauns
  2 human zombies (Vaults:4)
  A mana viper (shapeshifter) (Vaults:2)
  41 wolf spiders
  18 manticores
  8 merfolk sirens
  3 moths of wrath
  25 elephants
  Maurice (Orc:1)
  An orange demon (Orc:2)
  4 black mambas
  A fire giant skeleton (Vaults:2)
  An ice statue (IceCv)
  6 water nymphs
  A gargoyle (D:12)
  15 spiny frogs
  3 torpor snails
  2 rust devils (Orc:2)
  11 vault sentinels
  A smoke demon (Orc:2)
  A redback zombie (D:14)
  15 komodo dragons
  A golden dragon simulacrum (IceCv)
  A kobold demonologist (D:10)
  14 demonic crawlers
  3 anaconda simulacra (IceCv)
  8 rime drakes
  5 freezing wraiths
  A harpy zombie (D:15)
  30 yaktaurs
  8 ice devils (IceCv)
  A yaktaur skeleton (Vaults:2)
  23 jumping spiders
  A troll (shapeshifter) (D:14)
  A tengu conjurer (D:13)
  A hellwing (Orc:2)
  39 merfolk
  A wind drake (shapeshifter) (Vaults:3)
  A polar bear (shapeshifter) (Vaults:2)
  11 trolls
  7 hornets
  6 polar bears
  A queen bee (Lair:2)
  A human simulacrum (Vaults:2)
  16 slime creatures
  9 wind drakes
  9 blink frogs
  2 snapping turtles
  14 hippogriffs
  4 dream sheep (Shoals:3)
  An air elemental (Elf:3)
  2 shadows
  58 redbacks
  8 water elementals
  2 tarantellas (shapeshifter)
  2 vampires
  6 wraiths
  24 yaks
  Sigmund (D:4)
  A dire elephant simulacrum (IceCv)
  A hog (shapeshifter) (Vaults:3)
  7 wyverns
  5 fire elementals
  26 tarantellas
  2 basilisks
  3 humans
  2 humans (shapeshifter)
  2 hungry ghosts
  A neqoxec (Orc:2)
  A death yak simulacrum (IceCv)
  8 hogs
  2 harpy simulacra (IceCv)
  7 wargs
  6 iron troll simulacra (IceCv)
  4 acid dragons
  2 hydra simulacra (IceCv)
  3 hell hounds
  A soldier ant (shapeshifter) (Elf:1)
  12 water moccasins
  8 porcupines
  5 ice beasts
  59 orc warriors
  A black bear (shapeshifter) (Vaults:4)
  4 ettin simulacra (IceCv)
  An ice beast (shapeshifter) (Vaults:4)
  4 sky beasts
  15 ogres
  A necrophage (D:12)
  2 phantoms
  2 wolves (D:8)
  8 boggarts
  22 centaurs
  21 crocodiles
  18 bullfrogs
  A big kobold (D:13)
  2 wyvern zombies
  3 earth elementals
  A human skeleton (Vaults:4)
  3 scorpions
  31 killer bees
  An orc simulacrum (Vaults:2)
  5 wights (D:15)
  9 howler monkeys
  4 electric eels (D:6)
  4 centaur zombies
  7 crimson imps
  2 bullfrog zombies
  4 hounds
  A quasit (D:13)
  4 draconian simulacra (IceCv)
  5 jellies
  Ijyb (D:3)
  10 centaur skeletons
  29 orc priests
  29 orc wizards
  15 worker ants
  7 hell rats (Lair:6)
  4 iguanas
  A spriggan simulacrum (IceCv)
  A polar bear simulacrum (IceCv)
  5 troll simulacra (IceCv)
  2 wolf simulacra (IceCv)
  A hound zombie (D:11)
  A hound skeleton (D:4)
  A killer bee simulacrum (D:8)
  A worker ant zombie (D:7)
  4 ogre simulacra (IceCv)
  20 adders
  A naga simulacrum (IceCv)
  A shadow imp (D:10)
  8 white imps
  8 ufetubi
  An ooze (shapeshifter) (Vaults:4)
  An adder skeleton (D:5)
  A worm (shapeshifter) (Vaults:2)
  4 dart slugs
  5 worms
  4 leopard geckos
  145 orcs
  6 giant cockroaches
  14 goblins
  9 hobgoblins
  9 jackals
  4 quokkas
  2 ball pythons
  8 bats
  2 frilled lizards
  2 jackal zombies
  25 kobolds
  A kobold zombie (D:6)
  2 quokka skeletons (D:6)
  6 rats
  5 crawling corpses (Elf:3)
  3 tentacles (Shoals:3)
1757 creatures vanquished.

Vanquished Creatures (collateral kills)
  A manticore (D:12)
  A phantom (D:4)
  A bullfrog (D:6)
  A hound (D:5)
  An orc priest (D:4)
  A worker ant (D:5)
6 creatures vanquished.

Vanquished Creatures (others)
  A deep elf demonologist (Elf:3)
  A dancing weapon (Elf:1)
  A shadow wraith (Vaults:4)
  A deep elf mage (Elf:1)
  2 manticores
  2 redbacks
  A water elemental (Elf:2)
  An eye of draining (D:12)
  A centaur (Vaults:1)
  A shadow imp (D:8)
  2 bushes (Lair:5)
  21 fungi
  38 plants
  A tentacle (Shoals:3)
74 creatures vanquished.

Grand Total: 1837 creatures vanquished

Notes
Turn   | Place    | Note
-------+----------+-------------------------------------------
     0 | D:1      | DrakeDragon the Merfolk Transmuter began the quest for the Orb.
     0 | D:1      | Reached XP level 1. HP: 15/15 MP: 3/3
   246 | D:1      | Reached XP level 2. HP: 21/21 MP: 1/5
   272 | D:1      | Reached skill level 1 in Polearms
   889 | D:2      | Reached XP level 3. HP: 24/26 MP: 6/6
   906 | D:2      | Learned a level 2 spell: Sticks to Snakes
  1645 | D:3      | Found a stormy altar of Qazlal.
  1727 | D:3      | Became a worshipper of Qazlal Stormbringer
  2300 | D:3      | Reached skill level 2 in Fighting
  2300 | D:3      | Reached XP level 4. HP: 31/33 MP: 7/7
  2446 | D:3      | Found a glowing golden altar of the Shining One.
  2713 | D:3      | Noticed Ijyb
  3602 | D:2      | Reached XP level 5. HP: 33/38 MP: 8/8
  4076 | D:4      | Noticed Sigmund
  4607 | D:3      | Killed Ijyb
  4607 | D:3      | Reached XP level 6. HP: 36/46 MP: 10/10
  4742 | D:5      | Entered Level 5 of the Dungeon
  5207 | D:3      | HP: 2/46 [poisoned by a worker ant]
  6258 | D:4      | Reached skill level 5 in Polearms
  7206 | D:5      | Found a snail-covered altar of Cheibriados.
  7355 | D:5      | Found a runed door.
  7355 | D:5      | Noticed a human
  7360 | D:5      | Found a basalt altar of Yredelemnul.
  7475 | D:5      | Killed a human
  7475 | D:5      | Reached skill level 3 in Fighting
  7475 | D:5      | Reached XP level 7. HP: 47/52 MP: 11/11
  7773 | D:4      | Reached * piety under Qazlal
  7775 | D:4      | Got a sparkling wooden ring
  7941 | D:4      | Identified the ring "Ymnefisi" {rCorr Str+4} (You took it off an orc priest on level 4 of the Dungeon)
  8528 | D:5      | Reached skill level 5 in Transmutations
  8652 | D:5      | Found an ornate altar of the Wu Jian Council.
  9046 | D:5      | Reached skill level 5 in Dodging
  9683 | D:7      | Reached skill level 1 in Shields
  9683 | D:7      | Reached skill level 1 in Invocations
  9698 | D:7      | Got a faintly humming leather armour
  9729 | D:7      | Reached XP level 8. HP: 56/60 MP: 13/13
  9894 | D:6      | Reached skill level 4 in Fighting
 10263 | D:7      | Found a flagged portal.
 10269 | Bailey   | Entered a bailey
 10407 | Bailey   | Reached ** piety under Qazlal
 10539 | Bailey   | Noticed an orc knight
 10703 | Bailey   | Killed an orc knight
 10799 | Bailey   | Reached XP level 9. HP: 67/67 MP: 14/14
 10855 | Bailey   | Reached skill level 5 in Fighting
 11171 | D:7      | Found a shadowy altar of Dithmenos.
 11248 | D:7      | Found a staircase to the Ecumenical Temple.
 11617 | D:8      | Noticed a polar bear
 11654 | D:8      | Noticed a polar bear
 11697 | Temple   | Entered the Ecumenical Temple
 12454 | D:9      | Reached skill level 10 in Polearms
 12479 | D:9      | Noticed a two-headed ogre
 13442 | D:8      | Found a stormy altar of Qazlal.
 13474 | D:8      | Reached *** piety under Qazlal
 13979 | D:8      | Killed a polar bear
 13979 | D:8      | Reached skill level 6 in Fighting
 14193 | D:8      | Killed a polar bear
 14193 | D:8      | Reached XP level 10. HP: 41/76 MP: 15/15
 14644 | D:8      | Reached skill level 5 in Invocations
 15228 | D:6      | Found an ornate altar of the Wu Jian Council.
 15614 | D:6      | Reached **** piety under Qazlal
 16066 | D:6      | Found Fageyx's Magic Scroll Emporium.
 16070 | D:6      | Bought a scroll of teleportation for 33 gold pieces
 16070 | D:6      | Bought a scroll of enchant armour for 82 gold pieces
 16070 | D:6      | Bought a scroll of enchant armour for 82 gold pieces
 16070 | D:6      | Bought a scroll of teleportation for 33 gold pieces
 16082 | D:6      | Identified the +3 leather armour "Janex" {rElec rPois Regen+ MP+9} (You took it off an orc on level 7 of the Dungeon)
 16255 | D:6      | Found a sacrificial altar of Ru.
 16530 | D:4      | Killed Sigmund
 16779 | D:9      | Found a staircase to the Orcish Mines.
 16857 | D:9      | Found Xeron's Book Shoppe.
 16873 | Orc:1    | Entered Level 1 of the Orcish Mines
 16991 | D:9      | Killed a two-headed ogre
 16991 | D:9      | Reached skill level 7 in Fighting
 17041 | D:9      | You fall through a shaft!
 17041 | D:10     | Entered Level 10 of the Dungeon
 17094 | D:9      | Found a glowing silver altar of Zin.
 17582 | D:10     | Reached XP level 11. HP: 82/84 MP: 16/16
 17986 | D:10     | Found a staircase to the Lair.
 17988 | D:10     | Noticed Gastronok
 18103 | D:10     | Noticed Josephine
 19046 | D:10     | Noticed a soul eater
 19096 | D:10     | Got a polished short sword
 19126 | D:10     | Reached skill level 8 in Fighting
 19640 | D:11     | Reached skill level 10 in Dodging
 19694 | D:11     | Found a portal to a secret trove of treasure.
 19882 | D:12     | Noticed a manticore
 19966 | D:12     | Found Ruutt's Book Shoppe.
 20065 | D:12     | Noticed a manticore
 20123 | D:12     | Killed a manticore
 20309 | D:12     | Killed a manticore
 20646 | D:12     | Noticed a two-headed ogre
 20739 | D:12     | Reached skill level 1 in Evocations
 20865 | D:12     | Reached skill level 9 in Fighting
 21624 | D:13     | Noticed a vault guard
 21780 | D:13     | Reached ***** piety under Qazlal
 22124 | D:13     | Reached XP level 12. HP: 97/97 MP: 18/18
 22207 | D:13     | Noticed a catoblepas
 22375 | D:12     | Reached skill level 10 in Fighting
 22425 | D:12     | Noticed Azrael
 23434 | D:13     | Noticed a vault guard
 23513 | D:14     | Noticed a centaur warrior
 23675 | D:14     | Noticed a centaur warrior
 23694 | D:14     | Killed a centaur warrior
 23703 | D:14     | Noticed a centaur warrior
 23932 | D:13     | Reached skill level 11 in Fighting
 23993 | D:14     | Killed a centaur warrior
 24421 | D:14     | Killed a centaur warrior
 24421 | D:14     | Reached skill level 5 in Evocations
 24662 | D:15     | Entered Level 15 of the Dungeon
 24698 | D:15     | Noticed a centaur warrior
 24722 | D:15     | Killed a centaur warrior
 24722 | D:15     | Reached XP level 13. HP: 102/107 MP: 20/20
 24904 | D:15     | Reached skill level 12 in Fighting
 25048 | D:15     | Reached skill level 10 in Invocations
 25337 | D:15     | Found a staircase to the Depths.
 25676 | D:15     | Identified a scroll of acquirement
 25679 | D:15     | Got a crystal demon trident
 25680 | D:15     | Identified the +3 demon trident "Xiett" {venom, rPois Stlth+} (You acquired it on level 15 of the Dungeon)
 25782 | D:15     | Found a white marble altar of Elyvilon.
 26550 | D:10     | Killed Gastronok
 27087 | D:10     | Found a staircase to the Lair.
 27129 | D:10     | Killed Josephine
 27129 | D:10     | Reached skill level 13 in Fighting
 28471 | D:12     | Found Ruutt's Book Shoppe.
 28485 | D:12     | Killed Azrael
 28725 | D:12     | Upgraded the game from 0.22-a0-571-g4a923d4 to 0.22-a0-587-g7d32d7c
 28797 | Lair:1   | Entered Level 1 of the Lair of Beasts
 28908 | Lair:1   | Reached ****** piety under Qazlal
 29307 | Lair:1   | Found a large runed door.
 29307 | Lair:1   | Found a large runed door.
 29309 | Lair:1   | Noticed Reyrhar's ghost (journeyman TrMo)
 29672 | Lair:2   | Reached XP level 14. HP: 108/118 MP: 22/22
 29756 | Lair:2   | Found a sacrificial altar of Ru.
 30151 | Lair:2   | Found a staircase to the Shoals.
 30174 | Lair:2   | Reached skill level 14 in Fighting
 31867 | Lair:4   | Found a hole to the Spider Nest.
 32043 | Lair:4   | Noticed a dire elephant
 32274 | Lair:4   | Noticed Urug
 32284 | Lair:4   | Killed Urug
 32644 | Lair:4   | Killed a dire elephant
 33166 | Lair:5   | Reached skill level 15 in Fighting
 33498 | Lair:5   | Reached XP level 15. HP: 124/129 MP: 24/24
 33989 | Lair:6   | Entered Level 6 of the Lair of Beasts
 34118 | Lair:6   | Reached skill level 15 in Dodging
 34367 | Lair:6   | Got a colourful robe
 34859 | Lair:6   | Got a pair of polished boots
 34865 | Lair:6   | Identified the +0 pair of boots of Moujuy {rN+} (You acquired it on level 6 of the Lair of Beasts)
 35520 | Orc:1    | Reached skill level 16 in Fighting
 35527 | Orc:1    | Noticed an orc warlord
 35560 | D:9      | Killed an orc warlord
 35684 | Orc:1    | Noticed Maurice
 35702 | Orc:1    | Killed Maurice
 36246 | Orc:2    | Entered Level 2 of the Orcish Mines
 36340 | Orc:2    | Found a staircase to the Elven Halls.
 36526 | Orc:2    | Found Atearuom's Food Shop.
 36561 | Orc:2    | Found Cadghixia's General Store.
 36963 | Orc:2    | Found a roughly hewn altar of Beogh.
 37202 | Orc:2    | Reached skill level 10 in Evocations
 37212 | Orc:2    | Reached skill level 5 in Shields
 37227 | Orc:2    | Reached XP level 16. HP: 92/139 MP: 17/25
 37354 | Orc:2    | Paralysed by an orc sorcerer for 4 turns
 37467 | Orc:2    | Found Wucleror's Book Shoppe.
 37467 | Orc:2    | Found Caiwk's Antique Weapon Emporium.
 37467 | Orc:2    | Found a one-way gate leading to the halls of Pandemonium.
 37730 | Lair:1   | Killed Reyrhar's ghost
 37843 | Shoals:1 | Entered Level 1 of the Shoals
 37843 | Shoals:1 | Noticed Kirke
 37866 | Lair:2   | Killed Kirke
 38257 | Shoals:1 | Reached skill level 17 in Fighting
 39302 | Shoals:2 | Noticed Donald
 39311 | Shoals:2 | Killed Donald
 39601 | Shoals:2 | Got a silken robe
 40449 | Shoals:3 | Reached XP level 17. HP: 85/149 MP: 27/27
 40640 | Shoals:3 | Noticed a kraken
 40645 | Shoals:3 | Killed a kraken
 41353 | Shoals:4 | Entered Level 4 of the Shoals
 41577 | Shoals:4 | Reached skill level 18 in Fighting
 41606 | Shoals:4 | Noticed Ilsuiw
 41626 | Shoals:4 | Killed Ilsuiw
 42078 | Shoals:3 | Upgraded the game from 0.22-a0-587-g7d32d7c to 0.22-a0-596-gfbd32a6
 42568 | Shoals:4 | Got a sparkling silver ring
 42572 | Shoals:4 | Identified the ring "Bojutice" {rC+ MR+ Int+3 Dex-2 Slay+5} (You found it on level 4 of the Shoals)
 42741 | Shoals:4 | Got a barnacled rune of Zot
 43286 | Spider:1 | Entered Level 1 of the Spider Nest
 43801 | Spider:1 | Reached XP level 18. HP: 155/158 MP: 28/28
 44970 | Spider:3 | Reached skill level 19 in Fighting
 45012 | Spider:3 | Found a frozen archway.
 45019 | IceCv    | Entered an ice cave
 45675 | IceCv    | Got a scorched quarterstaff
 46410 | Spider:3 | Found a roughly hewn altar of Beogh.
 46536 | Spider:4 | Entered Level 4 of the Spider Nest
 46688 | Spider:4 | Noticed Arachne
 47274 | Spider:3 | Killed Arachne
 47575 | Spider:4 | Reached skill level 15 in Invocations
 48019 | Spider:4 | Reached XP level 19. HP: 128/168 MP: 21/30
 48382 | Spider:4 | Got a gossamer rune of Zot
 48831 | D:13     | Reached skill level 10 in Shields
 48865 | D:13     | Found a gate to the Vaults.
 48891 | Vaults:1 | Entered Level 1 of the Vaults
 48902 | D:13     | Reached skill level 20 in Fighting
 49596 | Vaults:1 | Got a translucent rapier
 49678 | Vaults:1 | You fall through a shaft!
 49761 | Vaults:2 | Got a polished arbalest
 49799 | Vaults:2 | Noticed Mennas
 49842 | Vaults:2 | Killed Mennas
 50543 | Vaults:2 | Reached XP level 20. HP: 166/178 MP: 31/31
 50637 | Vaults:2 | Found a staircase to the Crypt.
 51187 | Vaults:2 | Reached skill level 21 in Fighting
 52155 | Vaults:1 | Found a runed door.
 52155 | Vaults:1 | Found a shimmering altar of Xom.
 52155 | Vaults:1 | Noticed Qagip's ghost (veteran GrEE)
 52502 | Vaults:1 | Found Gyen's Gadget Shoppe.
 52880 | Vaults:3 | Noticed Aizul
 52902 | Vaults:3 | Killed Aizul
 53862 | Vaults:3 | Reached XP level 21. HP: 179/187 MP: 33/33
 54562 | Vaults:4 | Reached skill level 22 in Fighting
 56215 | Elf:1    | Entered Level 1 of the Elven Halls
 56430 | Elf:1    | Reached XP level 22. HP: 175/198 MP: 34/34
 56620 | Elf:1    | Found a runed gate.
 56620 | Elf:1    | Found a runed gate.
 56623 | Elf:1    | Noticed Zithelix's ghost (adept GnIE)
 56934 | Elf:1    | Found a runed gate.
 56986 | Elf:1    | Noticed Asterion
 57000 | Elf:1    | Gained mutation: You occasionally shout uncontrollably at your foes. [a cacodemon]
 57007 | Elf:1    | Gained mutation: You sometimes yell uncontrollably at your foes. [a cacodemon]
 57013 | Elf:1    | Killed Asterion
 57070 | Elf:1    | Found an iron altar of Okawaru.
 57359 | Elf:2    | Found a radiant altar of Vehumet.
 57522 | Elf:2    | Found a runed gate.
 57522 | Elf:2    | Found a runed gate.
 57522 | Elf:2    | Found a runed gate.
 57591 | Elf:2    | Reached skill level 15 in Evocations
 57915 | Elf:2    | Found a runed gate.
 57920 | Elf:2    | Found a runed gate.
 57920 | Elf:2    | Found a runed gate.
 57920 | Elf:2    | Noticed Beisefig's ghost (journeyman MiBe)
 57921 | Elf:2    | Found an iron altar of Okawaru.
 57960 | Elf:3    | Entered Level 3 of the Elven Halls
 58084 | Elf:3    | Noticed Louise
 58115 | Elf:3    | Killed Louise
 58137 | Elf:3    | Noticed Saint Roka
 58178 | Elf:3    | Killed Saint Roka
 58178 | Elf:3    | Reached skill level 23 in Fighting
 58620 | Elf:3    | Noticed Nikola
 58658 | Elf:3    | Killed Nikola
 58724 | Elf:3    | Killed from afar by a deep elf annihilator

Vault maps used:
D:1:      ncdulo_smallfort, serial_park_tiny_1, corexii_item_surrounded_by_moat,
          chequers_big_river
D:2:      minmay_tromino_v2
D:3:      tso_altar, serial_glass, glass_columns_b, glass_columns_b,
          item_on_display_b, feat_on_display, item_on_display_a, first_ration,
          grunt_qazlal_sundering, uniq_ijyb
D:4:      minmay_misc_feat_chi, kennysheep_cross_bottleneck, uniq_sigmund
D:5:      lemuel_doored_altar, lemuel_round_altar, dk_yredelemnul_ordeal
D:6:      nicolae_ru_path_of_blood, serial_shops, shop, serial_bayou,
          serial_bayou_ford_a, serial_bayou_lake_a, serial_bayou_pond_b,
          serial_bayou_pond_a, basic_altar
D:7:      nicolae_dithmenos_the_darkroom, minmay_temple_entry_purple_smoke,
          enter_bailey_3
D:8:      serial_ice, serial_ice_f, serial_ice_c, serial_ice_m, serial_ice_a,
          basic_altar
D:9:      nicolae_overflow_hidden_temple, orc_0_dummy, grunt_livestock,
          kennysheep_windowed_goal
D:10:     lair_entry_dummy, uniq_gastronok, uniq_josephine
D:11:     nicolae_trove_entry_free_sample, lab_entry_generic, abandoned_shop
D:12:     serial_shops, nicolae_shop_trees, uniq_azrael
D:13:     grunt_vaults_entry_fortified, nooodl_orcs_dogs
D:14:     serial_bayou_pond_d
D:15:     hangedman_depths_entry_try_elsewhere_first, elyvilon_altar_4,
          special_room
Temple:   eino_temple_rhombus
Lair:1:   minmay_lair_venomous_thicket, ebering_ghost_disaster_area
Lair:2:   minmay_shoals_entry_beasts, special_room, basic_altar
Lair:4:   beast_lair_carwin_large_3, spider_nest_entry_a,
          infiniplex_staircase_pool_2, uniq_urug
Lair:5:   minmay_lair_drake_nest, grunt_megastairs_2, serial_bayou_shore_a
Lair:6:   gammafunk_lair_ancient_temple, minmay_slime_entry_oklob_enclosed
Shoals:1: cheibrodos_shoals_satyrical_garden, uniq_kirke
Shoals:2: nicolae_shoals_flooded_hall, uniq_donald
Shoals:4: shoals_end_hangedman, shoal_ilsuiw, nicolae_shoals_cliffside_cave
Spider:2: spider_trap
Spider:3: nicolae_spider_mines_2, portal_ice_cave_entry_pillars_1
Spider:4: johnstein_spider_rune_arachne_lair
Orc:1:    nicolae_orc_flooded_monolith, uniq_maurice
Orc:2:    pf_orc_diabolical, mines2_david
Elf:1:    eino_elf_arrival_the_gate, gammafunk_ghost_fury_of_okawaru,
          minivault_28, uniq_asterion
Elf:2:    basic_altar, gammafunk_ghost_fury_of_okawaru
Elf:3:    minmay_elf_hall_quartered_circle, grunt_ministairs_15, uniq_nikola,
          uniq_saint_roka, uniq_louise
Vaults:1: ebering_vaults_ghost_xom, v_misc_33, hangedman_vaults_capsules,
          hangedman_vaults_stretched_pinwheel, vaults_dpeg_doors,
          nicolae_vaults_mini_display_case, v_misc_8, nicolae_vaults_rhombus_7,
          vaults_standard_mumra_enter_the_diamond, vaults_room_door_hall,
          v_alt_pattern_1, serial_shops, shop, infiniplex_enter_wizlab_water
Vaults:2: nicolae_vaults_network_periphery, nicolae_vaults_little_squares_1,
          ontoclasm_vaults_spin, v_rooms_4, nicolae_vaults_network_star,
          vaults_mumra_lcd, nicolae_vaults_yaktaur_gun_rack, vaults_mumra_hex,
          ontoclasm_vaults_claustrophobia, minmay_crypt_entry_simple_corners,
          v_alt_pattern_4, vaults_room_stairs_pillars, uniq_mennas
Vaults:3: hangedman_vaults_impose, ontoclasm_vaults_misaligned, v_pattern_4,
          ontoclasm_vaults_shout, vaults_standard_mumra_lines, v_alt_pattern_5,
          vaults_room_semicircle, hangedman_vaults_snaps, uniq_aizul
Vaults:4: hangedman_vaults_river_flow, hangedman_vaults_stream,
          ontoclasm_vaults_twist, nicolae_vaults_network_barrier, v_misc_22,
          grunt_vaults_hallway_long, hangedman_vaults_stretched_pinwheel,
          nicolae_vaults_theta, nicolae_vaults_network_s, st_lattice, v_misc_31,
          hangedman_vaults_slice, nicolae_vaults_little_squares_1
Bailey:   bailey_axe_1, bailey
IceCv:    ice_cave_caverns_01

Skill      XL: |  1  2  3  4  5  6  7  8  9 10 11 12 13 14 15 16 17 18 19 20 21 22 |
---------------+-------------------------------------------------------------------+-----
Polearms       | 1 2 3 4 5 7 9 11 13 14 | 14.0
Transmutations | 3 4 5 |  5.0
Dodging        | 3 4 5 6 7 9 11 12 13 14 15 16 17 18 19 20 21 | 21.0
Fighting       | 2 3 4 6 7 9 11 13 15 16 17 18 19 20 21 22 23 | 23.2
Spellcasting   | 3 |  3.5
Shields        | 1 3 4 5 7 8 9 10 11 12 13 | 13.3
Invocations    | 1 3 4 6 8 9 10 12 13 14 15 16 17 | 17.7
Evocations     | 2 5 7 8 10 11 12 13 14 15 | 15.3
Unarmed Combat | |  3.2

Action                   |  1- 3 |  4- 6 |  7- 9 | 10-12 | 13-15 | 16-18 | 19-21 | 22-24 || total
-------------------------+-------+-------+-------+-------+-------+-------+-------+-------++-------
Melee: Unarmed           |    11 |       |       |       |       |       |       |       ||    11
       Spear             |   185 |   396 |  1086 |   786 |       |       |       |       ||  2453
       Headbutt          |    11 |       |       |       |       |       |       |       ||    11
       Punch             |       |     2 |     7 |       |       |       |       |       ||     9
       Trident           |       |       |       |   982 |   316 |       |       |       ||  1298
       Tailslap          |       |       |       |     1 |     7 |    38 |       |       ||    46
       Demon trident     |       |       |       |       |  1500 |  1964 |  2071 |   753 ||  6288
 Cast: Beastly Appendage |    17 |       |       |       |       |       |       |       ||    17
       Sticks to Snakes  |       |     4 |    11 |       |       |       |       |       ||    15
Invok: Upheaval          |       |       |       |     6 |    13 |    28 |    27 |     6 ||    80
       Elemental Force   |       |       |       |     1 |       |       |     1 |       ||     2
       Disaster Area     |       |       |       |       |       |       |     2 |       ||     2
Evoke: Wand              |       |       |       |     4 |     4 |     8 |    10 |       ||    26
  Use: Scroll            |     6 |     9 |    11 |    12 |    12 |    10 |     2 |     2 ||    64
       Potion            |       |     3 |       |     1 |       |     2 |     1 |     3 ||    10
 Stab: Sleeping          |     2 |     2 |       |       |       |       |     1 |       ||     5
       Distracted        |       |     1 |     3 |       |       |     1 |       |       ||     5
       Paralysed         |       |       |       |     3 |       |       |       |       ||     3
       Held in net/web   |       |       |       |       |       |     1 |       |       ||     1
  Eat: Chunk             |     4 |     9 |    18 |    29 |    22 |    11 |    19 |     5 ||   117
       Ration            |       |     3 |     1 |     3 |     6 |     8 |     3 |     1 ||    25
Armor: Robe              |     3 |       |       |       |       |       |       |       ||     3
       Leather armour    |    26 |    55 |       |   171 |   210 |   256 |   142 |    28 ||   888
       Ring mail         |       |     5 |   117 |    32 |       |       |       |       ||   154
Dodge: Dodged            |   102 |   197 |   323 |   555 |   608 |  1026 |   541 |   156 ||  3508
       Deflected         |       |       |       |    28 |    12 |    53 |    35 |    21 ||   149
Block: Other             |       |       |    13 |       |       |       |       |       ||    13
       Buckler           |       |       |   107 |   504 |   500 |       |       |       ||  1111
       Shield            |       |       |       |       |   183 |  1690 |  1342 |   444 ||  3659

Table legend:
 A = Spawn XP
 B = Non-spawn XP
 C = Spawn XP percentage of total XP
 D = Spawn monster count
 E = Non-spawn monster count
 F = Spawn count percentage of total count
 G = Total turns spent on level
                    A         B        C        D         E        F      G
               +---------+---------+-------+---------+---------+-------+---------
         Total |       0 |  692006 |   0.0 |       0 |    1761 |   0.0 | 58724
               +---------+---------+-------+---------+---------+-------+---------
           D:1 |       0 |      25 |   0.0 |       0 |      14 |   0.0 |   948
           D:2 |       0 |     105 |   0.0 |       0 |      19 |   0.0 |  2317
           D:3 |       0 |     175 |   0.0 |       0 |      26 |   0.0 |  2920
           D:4 |       0 |     615 |   0.0 |       0 |      31 |   0.0 |  2219
           D:5 |       0 |     415 |   0.0 |       0 |      10 |   0.0 |  1394
           D:6 |       0 |    1199 |   0.0 |       0 |      42 |   0.0 |  2297
           D:7 |       0 |     678 |   0.0 |       0 |      24 |   0.0 |  1425
           D:8 |       0 |    2323 |   0.0 |       0 |      34 |   0.0 |  2574
           D:9 |       0 |    5260 |   0.0 |       0 |      33 |   0.0 |  1847
          D:10 |       0 |    7509 |   0.0 |       0 |      31 |   0.0 |  2287
          D:11 |       0 |    2052 |   0.0 |       0 |      19 |   0.0 |  1424
          D:12 |       0 |    6467 |   0.0 |       0 |      34 |   0.0 |  2533
          D:13 |       0 |   21627 |   0.0 |       0 |      78 |   0.0 |  2694
          D:14 |       0 |    8894 |   0.0 |       0 |      28 |   0.0 |  1094
          D:15 |       0 |    9516 |   0.0 |       0 |      49 |   0.0 |  1166
        Lair:1 |       0 |    4714 |   0.0 |       0 |      23 |   0.0 |   874
        Lair:2 |       0 |    9942 |   0.0 |       0 |      47 |   0.0 |  1441
        Lair:3 |       0 |    1876 |   0.0 |       0 |       7 |   0.0 |   867
        Lair:4 |       0 |   13351 |   0.0 |       0 |      34 |   0.0 |  1522
        Lair:5 |       0 |   16912 |   0.0 |       0 |      60 |   0.0 |  1123
        Lair:6 |       0 |   14476 |   0.0 |       0 |      52 |   0.0 |  1032
      Shoals:1 |       0 |   14275 |   0.0 |       0 |      23 |   0.0 |  1266
      Shoals:2 |       0 |   13081 |   0.0 |       0 |      26 |   0.0 |   933
      Shoals:3 |       0 |   23377 |   0.0 |       0 |      46 |   0.0 |  1606
      Shoals:4 |       0 |   39667 |   0.0 |       0 |      67 |   0.0 |  1440
      Spider:1 |       0 |   16588 |   0.0 |       0 |      52 |   0.0 |   861
      Spider:2 |       0 |    6092 |   0.0 |       0 |      14 |   0.0 |   581
      Spider:3 |       0 |   29440 |   0.0 |       0 |      56 |   0.0 |  1635
      Spider:4 |       0 |   40466 |   0.0 |       0 |      82 |   0.0 |  1131
         Orc:1 |       0 |    2942 |   0.0 |       0 |      40 |   0.0 |   713
         Orc:2 |       0 |   19905 |   0.0 |       0 |      89 |   0.0 |  1289
         Elf:1 |       0 |   29254 |   0.0 |       0 |      45 |   0.0 |  1073
         Elf:2 |       0 |   33402 |   0.0 |       0 |      48 |   0.0 |   672
         Elf:3 |       0 |   49990 |   0.0 |       0 |      50 |   0.0 |   764
      Vaults:1 |       0 |   26965 |   0.0 |       0 |      42 |   0.0 |  1369
      Vaults:2 |       0 |   84422 |   0.0 |       0 |     119 |   0.0 |  2171
      Vaults:3 |       0 |   54491 |   0.0 |       0 |      81 |   0.0 |  1627
      Vaults:4 |       0 |   69057 |   0.0 |       0 |      94 |   0.0 |  1544
        Bailey |       0 |    1055 |   0.0 |       0 |      32 |   0.0 |   752
         IceCv |       0 |    9406 |   0.0 |       0 |      60 |   0.0 |  1127
               +---------+---------+-------+---------+---------+-------+---------
